 Dungeon Sprint DCSS version 0.28.0-53-g5a82cb258f (webtiles) character file.

Game seed: 11619258855135908231

800000 Zeld the Spry (level 12, -10/101 HPs)
             Began as a Djinni Monk on June 6, 2022.
             Was a Believer of Makhleb.
             Mangled by a bag of meat
             ... wielding a +9 war axe
              (15 damage)
             ... in the Dungeon (Sprint VIII: "Arena of Blood").
             The game lasted 00:00:11 (8 turns).

Zeld the Spry (Djinni Monk)                            Turns: 8, Time: 00:00:11

Health: -10/101    AC:  2    Str: 14    XL:     12   Next: 35%
Gold:   0          EV: 21    Int: 13    God:    Makhleb [**....] SH:  0 Dex: 16

rFire   + + .      SeeInvis .   g - +∞ Axe of Woe
rCold   x . .      Faith    .   (shield currently unavailable)
rNeg    . . .      Spirit   .   a - +0 robe
rPois   ∞          Reflect  .   (no helmet)
rElec   .          Harm     .   (no cloak)
rCorr   .          Rampage  .   (no gloves)
Will    +....      NoTele   +   (boots unavailable)
Stlth   ++........              (no amulet)
HPRegen 0.26/turn               (no ring)
MPRegen 0.00/turn               (no ring)

@: flying
A: sickness immunity, fire resistance 2, cold vulnerability 1, float, innate
caster, HP casting, extra vitality 1
a: Renounce Religion, Minor Destruction


You were in the Dungeon.
You worshipped Makhleb.
Makhleb was pleased with you.
You visited 1 branch

Inventory:

Hand Weapons
 g - the +∞ Axe of Woe (weapon)
   (You found it in the Dungeon)
Armour
 a - a +0 robe (worn)
Scrolls
 f - a scroll of blinking
Potions
 b - a potion of curing
 c - a potion of heal wounds
 d - a potion of haste
 e - a potion of berserk rage


   Skills:
 + Level 14.6 Fighting
 * Level 11.0 Axes
 + Level 15.8 Dodging
 - Level 1.5 Stealth
 - Level 3.0 Unarmed Combat
 * Level 10.4 Spellcasting
 * Level 13.3 Invocations


You had 17 spell levels left.
You knew the following spells:

 Your Spells              Type           Power      Damage    Failure   Level
a - Beastly Appendage     Tmut           66%        N/A       1%          1
b - Blink                 Tloc           66%        N/A       1%          2
c - Lesser Beckoning      Tloc           33%        N/A       1%          3
d - Spider Form           Tmut/Pois      33%        N/A       1%          3
e - Summon Forest         Summ/Tloc      16%        N/A       4%          5
Your spell library was empty.

Dungeon Overview and Level Annotations

Branches:
Dungeon (1/1)

Altars:
Makhleb


Innate Abilities, Weirdness & Mutations

You are immune to sickness and miasma.
You are immune to poison.
Your flesh is very heat resistant. (rF++)
You are vulnerable to cold. (rC-)
You float through the air rather than walking.
You learn spells naturally, not from books.
Your magical power is your life essence.
You have superior vitality. (+4 MHP)


Message History

Spell assigned to 'c'.
You have reached level 8!
You feel clever.
You have reached level 9!
Your experience leads to an increase in your attributes!
Increase (S)trength, (I)ntelligence, or (D)exterity?
You feel stronger. x2
The power to cast Spider Form wells up from within.
Spell assigned to 'd'.
You have reached level 10!
You have reached level 11!
The power to cast Summon Forest wells up from within.
Spell assigned to 'e'.
You have reached level 12!
You feel clever.
Unknown command.
Unknown command.
A bag of meat comes into view. It is wielding a +9 war axe.
The bag of meat shouts!
The meat berserker rages.
You hear a shout! x5
A bag of meat comes into view. It is wielding a +9 war axe.
You hear a shout!
There is a staircase leading out of the dungeon here.
The bag of meat shouts!
You slice the bag of meat!!
You cleave the bag of meat in twain.
You kill the bag of meat!
Makhleb accepts your kill.
You slice the bag of meat!!
You cleave the bag of meat in twain.
You kill the bag of meat!
Makhleb accepts your kill.
You hear a shout! x5
A bag of meat comes into view. It is wielding a +9 war axe.
You hear a shout!
The meat berserker hits you with a +9 battleaxe!!!!
Ouch! That really hurt!
* * * LOW HITPOINT WARNING * * *
You hear a shout! x2
The bag of meat hits you with a +9 war axe!
You die...

.. ..... #.
...# #.. ...# .
.###.. ...###..
......###o.....
..o..._.....
#..o..# #_.@o_#
#..O.)#
......_.....
......###......
.###.. ...###..
#.o ...# . #.
...# o. .....


You could see a meat berserker (berserk) and 6 bags of meat.

Vanquished Creatures
  An ogre (D)
  2 orcs (D)
3 creatures vanquished.

Notes
Turn   | Place    | Note
-------+----------+-------------------------------------------
     0 | D        | Found the +∞ Axe of Woe
     0 | D        | Zeld the Djinni Monk began the quest for the Orb.
     0 | D        | Reached XP level 1. HP: 20/20 MP: 0/0
     2 | D        | Noticed a meat berserker
     2 | D        | Noticed a bag of meat
     3 | D        | Noticed a bag of meat
     4 | D        | Became a worshipper of Makhleb the Destroyer
     4 | D        | Reached * piety under Makhleb
     4 | D        | Reached ** piety under Makhleb
     5 | D        | Noticed a bag of meat
     5 | D        | Noticed a bag of meat
     6 | D        | Killed a meat berserker
     6 | D        | Noticed a bag of meat
     6 | D        | Noticed a meat berserker
     7 | D        | Reached skill level 15 in Dodging
     7 | D        | Reached skill level 10 in Spellcasting
     7 | D        | Reached XP level 2. HP: 42/42 MP: 0/0
     7 | D        | Reached XP level 3. HP: 48/48 MP: 0/0
     7 | D        | Learned a level 1 spell: Beastly Appendage
     7 | D        | Reached XP level 4. HP: 54/54 MP: 0/0
     7 | D        | Reached XP level 5. HP: 59/59 MP: 0/0
     7 | D        | Learned a level 2 spell: Blink
     7 | D        | Reached XP level 6. HP: 66/66 MP: 0/0
     7 | D        | Reached XP level 7. HP: 71/71 MP: 0/0
     7 | D        | Learned a level 3 spell: Lesser Beckoning
     7 | D        | Reached XP level 8. HP: 77/77 MP: 0/0
     7 | D        | Reached XP level 9. HP: 83/83 MP: 0/0
     7 | D        | Learned a level 3 spell: Spider Form
     7 | D        | Reached XP level 10. HP: 89/89 MP: 0/0
     7 | D        | Reached XP level 11. HP: 94/94 MP: 0/0
     7 | D        | Learned a level 5 spell: Summon Forest
     7 | D        | Reached XP level 12. HP: 101/101 MP: 0/0
     7 | D        | Noticed a bag of meat
     7 | D        | Noticed a bag of meat
     8 | D        | Killed a bag of meat
     8 | D        | Killed a bag of meat
     8 | D        | Noticed a bag of meat
     8 | D        | HP: 5/101 [meat berserker/+9 battleaxe (96)]
     8 | D        | Mangled by a bag of meat

Illustrated notes

Levels and vault maps discovered:
D:        meatsprint

Skill      XL: |  1 |
---------------+----+-----
Fighting       | 14 | 14.6
Axes           | 11 | 11.0
Dodging        | 15 | 15.8
Spellcasting   | 10 | 10.4
Invocations    | 13 | 13.3
Stealth        | |  1.5
Unarmed Combat | |  3.0

Action                   |  1- 3 |  4- 6 |  7- 9 | 10-12 || total
-------------------------+-------+-------+-------+-------++-------
Melee: Executioner's axe |     1 |       |       |     1 ||     2
